 Dungeon Crawl Stone Soup version 0.27.1-1-g398f81649c (webtiles) character file.

Game seed: 4865696444507256277

122 nxtlvl the Ruffian (level 4, -5/44 HPs)
             Began as a Troll Abyssal Knight on Sept 5, 2021.
             Was a Follower of Lugonu.
             Killed from afar by a steam dragon (12 damage)
             ... with a ball of steam
             ... on level 6 of the Dungeon.
             The game lasted 00:01:42 (240 turns).

nxtlvl the Ruffian (Troll Abyssal Knight)            Turns: 240, Time: 00:01:42

Health: -5/44      AC:  4    Str: 20    XL:     4   Next: 78%
Magic:  4/4        EV:  9    Int:  9    God:    Lugonu [*.....]
Gold:   58         SH:  0    Dex:  9    Spells: 3/3 levels left

rFire    . . .     SeeInvis .     - Unarmed
rCold    . . .     Faith    .   (no shield)
rNeg     . . .     Spirit   .   a - +0 robe
rPois    .         Reflect  .   (helmet restricted)
rElec    .         Harm     .   (no cloak)
rCorr    .         Rampage  .   (gloves unavailable)
Will     .....                  (boots unavailable)
Stlth    +.........             (no amulet)
HPRegen  1.14/turn              (no ring)
MPRegen  0.09/turn              (no ring)

@: no status effects
A: large, unfitting armour, claws 3, regeneration 1, shaggy fur 1, tough skin 1
a: Renounce Religion, Depart the Abyss


You were on level 6 of the Dungeon.
You worshipped Lugonu.
Lugonu was aware of your devotion.
You visited 1 branch of the dungeon, and saw 6 of its levels.
You visited the Abyss 1 time.

You collected 58 gold pieces.

Inventory:

Armour
 a - a +0 robe (worn)
Wands
 c - a wand of acid (8)
Scrolls
 b - a scroll of magic mapping {unknown}
 e - a scroll of identify {unknown}
 g - a scroll of teleportation {unknown}
Potions
 d - a potion of heal wounds {unknown}
 f - a potion of curing {unknown}


   Skills:
 - Level 2.4 Fighting
 - Level 1.9 Dodging
 * Level 5.1 Unarmed Combat
 - Level 1.5 Invocations


You had 3 spell levels left.
You didn't know any spells.
Your spell library was empty.

Dungeon Overview and Level Annotations

Branches:
Dungeon (6/15)
 Temple: D:4-7

Altars:

Shops:
D:2 :


Innate Abilities, Weirdness & Mutations

You are too large for most types of armour.
You have claws for hands.
Your natural rate of healing is unusually fast.
You are covered in fur. (AC +1)
You have tough skin. (AC +1)


Message History

You kill the dart slug!
Lugonu accepts your kill.
Found a stone staircase leading up.
Found a robe.
There is a stone staircase leading down here.
There is a stone staircase leading up here.
You climb upwards.
Found 10 gold pieces.
There is a stone staircase leading down here.
You now have 58 gold pieces (gained 10).
There is a stone staircase leading down here.
You climb downwards.
There is a stone staircase leading up here.
There is a stone staircase leading down here.
You climb downwards.
The steam dragon hisses angrily.
Found 21 gold pieces.
Found a stone staircase leading down.
There is a stone staircase leading up here.
The steam dragon breathes steam at you. The ball of steam hits you!
You scratch the steam dragon but do no damage.
You are engulfed in a cloud of scalding steam.
You claw the steam dragon!
The steam dragon is heavily wounded.
You are engulfed in a cloud of scalding steam.
The steam dragon bites you! The steam dragon barely misses you.
You barely miss the steam dragon.
The steam dragon is heavily wounded.
You are engulfed in a cloud of scalding steam.
* * * LOW HITPOINT WARNING * * *
The steam dragon bites you.
* * * LOW HITPOINT WARNING * * *
The steam dragon claws you.
* * * LOW HITPOINT WARNING * * *
The steam dragon closely misses you. The steam dragon barely misses you.
You scratch the steam dragon but do no damage.
The steam dragon is heavily wounded.
The steam dragon breathes steam at you. The ball of steam hits you!
You die...

# .## . #..# ..
##...##
...######......#
............#
...>....<.#
.......ยง..#
##.###.D@.#
#........#
........##
.........#
.........#
....$.....
..........
........#


You could see a steam dragon (catching breath).

Vanquished Creatures
  A scorpion (D:4)
  Terence (D:3)
  2 adders
  An ufetubus (D:4)
  A worm (D:3)
  A dart slug (D:5)
  An endoplasm (D:1)
  A goblin (D:2)
  A hobgoblin (D:3)
  A ball python (D:4)
  A bat (D:1)
  A frilled lizard (D:3)
  3 rats (D:2)
16 creatures vanquished.

Notes
Turn   | Place    | Note
-------+----------+-------------------------------------------
     0 | Abyss:1  | nxtlvl the Troll Abyssal Knight began the quest for the
                  | Orb.
     0 | Abyss:1  | Reached XP level 1. HP: 22/22 MP: 1/1
     7 | D:1      | Escaped the Abyss
    12 | D:2      | Found Alanomowoi's Book Emporium.
    27 | D:2      | Reached XP level 2. HP: 11/29 MP: 2/2
    43 | D:1      | Reached skill level 3 in Unarmed Combat
   134 | D:3      | Noticed Terence
   145 | D:3      | Killed Terence
   146 | D:3      | Reached XP level 3. HP: 21/36 MP: 3/3
   172 | D:4      | Reached skill level 4 in Unarmed Combat
   172 | D:4      | Noticed a scorpion
   178 | D:4      | Killed a scorpion
   179 | D:4      | Reached skill level 5 in Unarmed Combat
   179 | D:4      | Reached XP level 4. HP: 23/44 MP: 4/4
   193 | D:5      | Entered Level 5 of the Dungeon
   234 | D:6      | Noticed a steam dragon
   240 | D:6      | Killed from afar by a steam dragon

Illustrated notes

Levels and vault maps discovered:
D:1:      dpeg_arrival_tiny_i, layout_basic, hellmonk_ecumenical_altar_blasted
D:2:      layout_rooms, serial_shops, nicolae_shop_statue_plus,
          kennysheep_generic_room_13
D:3:      layout_loops_ring, fedhas_altar_4, mainiacjoe_overflow_boulevard,
          grunt_ministairs_5, uniq_natasha, uniq_terence, uniq_sigmund
D:4:      layout_basic, jmf_multi_god_temple
D:5:      layout_layer_cave
D:6:      layout_cave_pods, sigmund_army, uniq_grinder

Skill      XL: |  1  2  3 |
---------------+----------+-----
Unarmed Combat | 3 5 |  5.1
Fighting       | |  2.4
Dodging        | |  1.9
Invocations    | |  1.5

Action                   |  1- 3 |  4- 6 || total
-------------------------+-------+-------++-------
Melee: Unarmed           |    53 |     8 ||    61
       Punch             |       |     1 ||     1
 Stab: Sleeping          |     1 |       ||     1
Armor: Robe              |    12 |     2 ||    14
Dodge: Dodged            |    31 |     3 ||    34
